 Dungeon Crawl Stone Soup version 0.20-a0-947-g2784f4f (webtiles) character file.

4627 MatthieuS the Spear-Bearer (level 10, -9/129 HPs)
             Began as a Purple Draconian Berserker on Apr 2, 2017.
             Was an Elder of Trog.
             Killed from afar by Maurice (18 damage)
             ... with a wand of acid (?/15)
             ... on level 9 of the Dungeon.
             The game lasted 00:31:39 (7940 turns).

MatthieuS the Spear-Bearer (DrBe)                   Turns: 7940, Time: 00:31:39

Health: -9/129     AC:  5    Str: 27    XL:     10   Next: 19%
Magic:  10/10      EV: 12    Int:  7    God:    Trog [****..]
Gold:   230        SH:  5    Dex: 12    Spells: 9/9 levels left

rFire    . . .     SeeInvis .   a - +4 trident (flame)
rCold    + . .     Gourm    .   q - +0 buckler
rNeg     . . .     Faith    .   (armour unavailable)
rPois    .         Spirit   .   (helmet restricted)
rElec    .         Reflect  +   d - +0 cloak
rCorr    .         Harm     .   (no gloves)
MR       +++..                  C - +0 pair of boots
Stlth    ..........             I - +2 amulet of reflection
Regen    1.4/turn               c - ring of protection from cold
MPRegen  0.2/turn               K - ring of stealth

@: mighty, berserking (expiring), corroded, regenerating, very quick
A: breathe power, unfitting armour, cold-blooded, AC +7
a: Breathe Dispelling Energy, Berserk, Trog's Hand, Brothers in Arms, Burn
Spellbooks, Renounce Religion


You were on level 9 of the Dungeon.
You worshipped Trog.
Trog was greatly pleased with you.
You were very hungry.

You visited 1 branch of the dungeon, and saw 9 of its levels.
You also visited: Sewer.

You collected 524 gold pieces.
You spent 294 gold pieces at shops.

Inventory:

Hand Weapons
 a - a +4 trident of flaming (weapon)
 w - a +0 hand crossbow
Missiles
 u - 5 curare-tipped needles
 v - 49 bolts
Armour
 d - a +0 cloak (worn)
 q - a +0 buckler (worn)
 C - a +0 pair of boots (worn)
Jewellery
 c - a ring of protection from cold (left hand)
 m - an uncursed ring of protection from fire {unknown}
 I - a +2 amulet of reflection (around neck)
 K - a ring of stealth (right hand)
Wands
 J - a wand of paralysis (20/24)
Scrolls
 g - 4 scrolls of identify
 l - 8 scrolls of teleportation
 p - 2 scrolls of fear
 x - 2 scrolls of remove curse
 y - a scroll of fog
 z - 4 scrolls of blinking
 A - 2 scrolls of enchant weapon
 B - a scroll of holy word
 D - 2 scrolls of magic mapping {unknown}
 E - a scroll of enchant armour {unknown}
 F - 3 scrolls of acquirement {unknown}
 H - a scroll of random uselessness {unknown}
 M - a scroll of amnesia {unknown}
Potions
 e - 2 potions of curing
 f - a potion of heal wounds {unknown}
 i - 2 potions of lignification {unknown}
 k - a potion of resistance
 o - a potion of flight {unknown}
 r - 2 potions of agility {unknown}
 s - a potion of mutation {unknown}
 t - 3 potions of haste {unknown}
Comestibles
 b - 6 bread rations
 h - 2 meat rations
 j - 4 royal jellies
 n - 14 fruits
 N - a chunk of flesh


   Skills:
 + Level 7.2 Fighting
   Level 9.5(11.4) Axes
 * Level 10.4(11.8) Polearms
 - Level 2.6 Dodging


You had 9 spell levels left.
You didn't know any spells.

Dungeon Overview and Level Annotations

Branches:
Dungeon (9/15)             Temple (0/1) D:5
   Lair: D:8-11         Orc: D:9-12

Altars:
Ashenzari

Shops:
D:4 =*(   D:5 (?(   D:6 =   D:7 *

Annotations:
D:9 Maurice


Innate Abilities, Weirdness & Mutations

You can breathe bolts of dispelling energy.
Your rich purple scales are hard. (AC +7)
You cannot fit into any form of body armour.
You are cold-blooded and may be slowed by cold attacks.


Message History

You are feeling very hungry.
You are too injured to fight recklessly!
You are too injured to fight recklessly!
You are too injured to fight recklessly!
You are too injured to fight recklessly!
Attack whom?
Press: ? - help, Dir - move target cursor, f/p - Maurice
Aim: Maurice, wielding a short sword, wearing an embroidered cloak and carrying a wand of acid (?/15) {zapped: 2} (covering ground quickly)
You reach to attack!
You puncture Maurice! You burn Maurice.
Maurice is moderately wounded.
Maurice gestures wildly while chanting.
Maurice blinks!
You feel a strong urge to attack something.
Maurice zaps a wand.
The bolt of acid hits you!
* * * LOW HITPOINT WARNING * * *
You are splashed with acid!
The acid burns!
* * * LOW HITPOINT WARNING * * *
You feel your anger subside.
Maurice zaps a wand.
The bolt of acid hits you!
You die...

#....#....#..#
#....#....#..#
.....######..#
.........#
.........#
........@#####
###..........#
#..........# #
#.....@....#
.#
#......#####
###.#
#...ยง..#
....##+
#......#
.......
.......(#
.......
........#
.......
........#
.......
.........
.......
.........


You could see Maurice.

Vanquished Creatures
  Erica (D:7)
  Psyche (D:8)
  A hippogriff (D:7)
  4 yaks (D:9)
  A hungry ghost (D:8)
  A black bear (D:8)
  2 sky beasts (D:8)
  4 ice beasts
  2 orc warriors
  The ghost of ViktorHollow the Chopper, an amateur MiBe of Trog (D:3)
  A phantom (D:5)
  An ogre (D:5)
  2 centaurs
  A bullfrog (D:9)
  6 scorpions
  A crimson imp (D:7)
  2 hounds
  A gnoll shaman (D:6)
  3 jellies
  3 orc priests
  3 iguanas
  2 bullfrog skeletons
  4 hell rats (D:7)
  5 orc wizards
  6 worker ants
  A hound skeleton (D:9)
  A worker ant zombie (D:8)
  A howler monkey skeleton (D:4)
  9 adders
  3 gnolls (D:6)
  8 river rats (D:7)
  A shadow imp (D:5)
  3 oozes
  An adder skeleton (D:6)
  4 dart slugs
  9 leopard geckos
  17 orcs
  5 giant cockroaches
  9 goblins
  5 hobgoblins
  16 jackals
  11 kobolds
  7 quokkas
  4 ball pythons (Sewer)
  A ball python skeleton (D:5)
  5 bats (D:1)
  7 frilled lizards
  A giant cockroach zombie (D:5)
  A jackal skeleton (D:8)
  21 rats
  2 plants (Sewer)
212 creatures vanquished.

Notes
Turn   | Place    | Note
-------+----------+-------------------------------------------
     0 | D:1      | MatthieuS the Draconian Berserker began the quest for the Orb.
     0 | D:1      | Reached XP level 1. HP: 19/19 MP: 1/1
   263 | D:1      | Reached XP level 2. HP: 24/26 MP: 2/2
   704 | D:2      | Reached XP level 3. HP: 31/31 MP: 3/3
   991 | D:2      | Reached ** piety under Trog
  1070 | D:2      | Found a shattered altar of Ashenzari.
  1615 | D:3      | Reached XP level 4. HP: 29/38 MP: 4/4
  1680 | D:3      | Reached skill level 5 in Axes
  2027 | D:3      | Found a glowing drain.
  2064 | Sewer    | Entered a sewer
  2111 | Sewer    | Reached XP level 5. HP: 38/45 MP: 5/5
  2459 | Sewer    | Reached *** piety under Trog
  2706 | D:3      | Noticed ViktorHollow's ghost (amateur MiBe)
  2719 | D:3      | Killed ViktorHollow's ghost
  2926 | D:4      | Reached XP level 6. HP: 50/51 MP: 6/6
  3026 | D:4      | Found Jovvimo's General Store.
  3107 | D:4      | Got a brightly glowing leather armour
  3179 | D:4      | Found Hueb's Jewellery Emporium.
  3360 | D:4      | Found Poryireb's Weapon Boutique.
  3363 | D:4      | Bought a +0 war axe for 35 gold pieces
  3437 | D:5      | Entered Level 5 of the Dungeon
  3532 | D:5      | Your scales start taking on a rich purple colour.
  3532 | D:5      | Reached XP level 7. HP: 57/57 MP: 7/7
  3829 | D:5      | Found a staircase to the Ecumenical Temple.
  3867 | D:5      | Found Vima's Magic Scroll Emporium.
  4072 | D:5      | Found Rowihink's Antique Weapon Shop.
  4162 | D:5      | Reached **** piety under Trog
  4218 | D:5      | Found Obeff's Antique Weapon Shop.
  4223 | D:5      | Bought a glowing trident for 162 gold pieces
  4276 | D:5      | Bought a scroll of enchant weapon for 97 gold pieces
  4321 | D:5      | Reached skill level 1 in Polearms
  4321 | D:5      | Reached XP level 8. HP: 60/63 MP: 8/8
  4432 | D:6      | Reached skill level 2 in Polearms
  4468 | D:6      | Reached skill level 3 in Polearms
  4480 | D:6      | Found Xikhly's Jewellery Emporium.
  4545 | D:6      | Reached skill level 4 in Polearms
  4999 | D:6      | Reached skill level 5 in Polearms
  5433 | D:7      | Found Paykhurgh's General Store.
  5501 | D:7      | Reached skill level 6 in Polearms
  5754 | D:7      | Noticed a hippogriff
  5762 | D:7      | Killed a hippogriff
  5762 | D:7      | Reached XP level 9. HP: 40/72 MP: 9/9
  5916 | D:7      | Reached skill level 7 in Polearms
  6134 | D:8      | Noticed Erica
  6154 | D:7      | Killed Erica
  6154 | D:7      | Reached skill level 5 in Fighting
  6154 | D:7      | Reached skill level 8 in Polearms
  6813 | D:8      | Noticed Psyche
  6824 | D:8      | Killed Psyche
  6824 | D:8      | Reached skill level 9 in Polearms
  7299 | D:8      | Reached ***** piety under Trog
  7468 | D:9      | Reached XP level 10. HP: 78/84 MP: 10/10
  7591 | D:9      | Reached skill level 10 in Polearms
  7925 | D:9      | Noticed Maurice
  7940 | D:9      | Killed from afar by Maurice

Vault maps used:
D:1:      lemuel_arrival_tunnels, minmay_misc_feat_room
D:2:      nicolae_ashenzari_panopticon, first_bread
D:3:      serial_curves, eino_curves_01, eino_curves_04, eino_curves_02,
          eino_curves_01, portal_sewer_entry_f, minmay_misc_feat_rows,
          minivault_27
D:4:      serial_shops, nicolae_shop_behind_doors, shop, nicolae_shop_stone
D:5:      minmay_temple_entry_glass, serial_shops, shop_coins, shop, shop
D:6:      serial_glass, glass_columns_a, glass_columns_c, serial_shops,
          nicolae_shop_crystal
D:7:      lemuel_ratsnest, serial_shops,
          nicolae_shop_temple_entry_statues_fountains
D:8:      uniq_erica, uniq_psyche
D:9:      the_bakery, uniq_maurice
Sewer:    sewer_co_scattered_pipes

Skill      XL: |  1  2  3  4  5  6  7  8  9 10 |
---------------+-------------------------------+-----
Axes           | 4 5 6 8 9 |  9.5
Polearms       | 1 6 9 10 | 10.4
Fighting       | 4 6 7 |  7.2
Dodging        | |  2.6

Action                   |  1- 3 |  4- 6 |  7- 9 | 10-12 || total
-------------------------+-------+-------+-------+-------++-------
Melee: Hand axe          |   117 |   279 |       |       ||   396
       Tailslap          |     4 |    40 |    29 |     3 ||    76
       War axe           |       |    23 |    36 |       ||    59
       Trident           |       |       |   248 |    44 ||   292
 Fire: Hand crossbow     |       |       |    42 |    13 ||    55
Invok: Berserk           |     1 |     3 |     2 |     2 ||     8
       Trog's Hand       |       |       |     3 |     1 ||     4
       Burn Spellbooks   |       |       |     1 |       ||     1
 Abil: Breathe Dispellin |       |       |     1 |       ||     1
  Use: Scroll            |       |     1 |    12 |       ||    13
       Potion            |       |       |     3 |     1 ||     4
 Stab: Sleeping          |     1 |       |     2 |     1 ||     4
       Distracted        |       |       |     1 |       ||     1
  Eat: Chunk             |     3 |     8 |     9 |     4 ||    24
       Meat ration       |       |     1 |     1 |       ||     2
Armor: Skin              |    48 |    65 |    72 |     9 ||   194
Dodge: Dodged            |    98 |   146 |   112 |    20 ||   376
Block: Buckler           |       |    28 |    44 |     7 ||    79
       Reflection        |       |       |     1 |       ||     1
